 Dungeon Crawl Stone Soup version 0.18.1-51-gd549091e01 (webtiles) character file.

802 magog001 the Skirmisher (level 7, -1/62 HPs)
             Began as a Grey Draconian Fighter on Feb 25, 2021.
             Was a Follower of Nemelex Xobeh.
             Splashed by an oklob plant's acid (10 damage)
             ... on level 4 of the Dungeon.
             The game lasted 00:22:56 (5464 turns).

magog001 the Skirmisher (Grey Draconian Fighter)    Turns: 5464, Time: 00:22:59

Health: -1/62      AC:  3    Str: 18    XL:     7   Next: 59%
Magic:  7/7        EV: 11    Int:  9    God:    Nemelex Xobeh [*.....]
Gold:   92         SH: 11    Dex: 10    Spells: 0 memorised, 6 levels left

rFire  . . .     SeeInvis .     a - +0 war axe
rCold  . . .     Gourm    .     (armour unavailable)
rNeg   . . .     Faith    .     b - +1 shield
rPois  .         Spirit   .     (helmet restricted)
rElec  .         Dismiss  .     (no cloak)
rCorr  .         Reflect  .     (no gloves)
SustAt .         Harm     .     (no boots)
MR     .....     Rnd*Tele +     (no amulet)
Stlth  ++........               q - -2 ring of strength (curse)
                                p - ring of teleportation (curse)

@: corroded, not resistant to hostile enchantments, unstealthy
A: walk through water, unfitting armour, unbreathing, cold-blooded, AC +11
a: Renounce Religion


You were on level 4 of the Dungeon.
You worshipped Nemelex Xobeh.
Nemelex Xobeh was aware of your devotion.
You were hungry.

You visited 1 branch of the dungeon, and saw 4 of its levels.

You collected 92 gold pieces.

Inventory:

Hand Weapons
 a - a +0 war axe (weapon)
 o - a +0 hunting sling
 s - a +0 whip
Missiles
 m - 92 stones (quivered)
 r - 15 sling bullets
Armour
 b - a +1 shield (worn)
Jewellery
 h - an uncursed ring of flight
 i - a +1 ring of evasion {unknown}
 p - a cursed ring of teleportation (left hand)
 q - a cursed -2 ring of strength (right hand)
Wands
 c - a wand of teleportation (6/9)
 k - a wand of random effects (8/48)
Scrolls
 f - a scroll of teleportation
 l - a scroll of fog
 t - 2 scrolls of identify
Potions
 d - 2 potions of curing
 g - 2 potions of heal wounds
 u - a potion of agility {unknown}
Miscellaneous
 e - a plain deck of destruction {drawn: 2}
 v - a plain deck of war
Comestibles
 j - a beef jerky
 n - a bread ration


   Skills:
 * Level 5.8 Fighting
 * Level 4.8 Axes
 * Level 3.2 Dodging
 + Level 1.9 Stealth
 * Level 5.7 Shields
 + Level 0.2 Evocations


You had 6 spell levels left.
You didn't know any spells.

Dungeon Overview and Level Annotations

Branches:
Dungeon (4/15)
 Temple: D:4-7

Altars:
Fedhas
Nemelex Xobeh
Xom

Annotations:
D:4 exclusion: oklob plant


Innate Abilities, Weirdness & Mutations

You can walk through water.
Your dull iron-grey scales are very hard (AC +11).
Your body does not fit into most forms of armour.
You can survive without breathing.
You are cold-blooded and may be slowed by cold attacks.


Message History

You tail-slap the oklob plant, but do no damage.
The oklob plant is moderately damaged.
You hit the plant but do no damage.
The plant is lightly damaged.
You hit the fungus but do no damage.
The fungus is moderately damaged.
You slash the oklob plant! You tail-slap the oklob plant.
The oklob plant is heavily damaged.
You slash the fungus!
The fungus is moderately damaged.
You hit the plant.
The plant is lightly damaged.
The oklob plant spits acid at you. The splash of acid hits you!
The acid burns!
The oklob plant spits acid at you. The splash of acid hits you!
* * * LOW HITPOINT WARNING * * *
The acid corrodes you!
The acid burns!
You die...
Your body disappears without a glow.

#.#.#.≈≈≈≈._.≈≈≈≈..
#P#P.≈≈≈≈...≈≈≈≈.P
##P...≈≈≈≈≈.≈≈≈≈≈.P
#.P#...≈≈≈≈.≈≈≈≈...
#P...P..≈≈≈.≈≈≈...P
#P.P.##..≈≈.≈≈..##.
##.PPPPP.......PPPP
#.%..PPP#P#P#P#P#P#


#PP@%%%P#PPPPPPPP.P #.PP%PPPP#P#PPPPPPP ###.PPP#PPP #PP#PP# #################
#..........# #..........# #..........# #..........# #..........# You could see
an oklob plant.

Vanquished Creatures
  Sigmund (D:3)
  A hippogriff (D:3)
  An ogre (D:4)
  2 jellies (D:3)
  2 orc wizards (D:3)
  A gnoll shaman (D:4)
  An iguana (D:4)
  Natasha (thrice) (D:2)
  A worker ant (D:4)
  4 gnolls (D:4)
  5 adders
  An ooze (D:3)
  2 worms (D:2)
  3 dart slugs
  A giant gecko (D:3)
  4 orcs
  4 giant cockroaches
  5 goblins
  4 hobgoblins
  9 kobolds
  A quokka (D:4)
  A sheep (D:3)
  8 bats
  3 giant newts
  8 rats
  4 fungi (D:4)
  2 plants (D:4)
82 creatures vanquished.

Vanquished Creatures (others)
  15 toadstools (D:4)
15 creatures vanquished.

Grand Total: 97 creatures vanquished

Notes
Turn   | Place    | Note
--------------------------------------------------------------
     0 | D:1      | magog001 the Draconian Fighter began the quest for the Orb.
     0 | D:1      | Reached XP level 1. HP: 19/19 MP: 1/1
   127 | D:1      | Reached XP level 2. HP: 17/27 MP: 2/2
   867 | D:2      | Noticed Natasha
   882 | D:2      | Killed Natasha
   882 | D:2      | Reached XP level 3. HP: 18/33 MP: 3/3
   916 | D:2      | Noticed Natasha
   924 | D:2      | Killed Natasha
   924 | D:2      | Reached XP level 4. HP: 19/41 MP: 4/4
  1118 | D:2      | Found a sparkling altar of Nemelex Xobeh.
  1123 | D:2      | Became a worshipper of Nemelex Xobeh the Trickster
  1387 | D:2      | Noticed Natasha
  1390 | D:2      | Killed Natasha
  2143 | D:2      | Received a gift from Nemelex Xobeh
  2389 | D:2      | Reached XP level 5. HP: 32/47 MP: 5/5
  2901 | D:3      | Noticed Sigmund
  2982 | D:3      | Killed Sigmund
  2982 | D:3      | Reached skill level 5 in Fighting
  2982 | D:3      | Reached skill level 1 in Stealth
  2982 | D:3      | Reached XP level 6. HP: 54/56 MP: 6/6
  3007 | D:3      | Noticed a hippogriff
  3017 | D:3      | Killed a hippogriff
  3017 | D:3      | Reached skill level 5 in Shields
  3294 | D:3      | Your scales start taking on a dull iron-grey colour.
  3294 | D:3      | Reached XP level 7. HP: 61/61 MP: 7/7
  3294 | D:3      | Gained mutation: You can survive without breathing. [Grey Draconian growth]
  3497 | D:3      | Found a shimmering altar of Xom.
  4177 | D:4      | Reached * piety under Nemelex Xobeh
  5283 | D:4      | Received a gift from Nemelex Xobeh
  5391 | D:4      | Found a blossoming altar of Fedhas.
  5400 | D:4      | Noticed an oklob plant
  5464 | D:4      | Splashed by an oklob plant's acid

Skill      XL: |  1  2  3  4  5  6  7 |
---------------+----------------------+-----
Fighting       | 4 5 |  5.8
Axes           | 3 4 |  4.8
Shields        | 4 5 |  5.7
Stealth        | 1 |  1.9
Dodging        | 3 |  3.2
Evocations     | |  0.2

Action                   |  1- 3 |  4- 6 |  7- 9 || total
-------------------------+-------+-------+-------++-------
Melee: War axe           |    66 |   132 |   110 ||   308
       Tailslap          |     9 |    13 |    18 ||    40
Throw: Stone             |       |     3 |     1 ||     4
Evoke: Wand              |       |     3 |       ||     3
       Deck              |       |     2 |       ||     2
  Use: Scroll            |       |     8 |     1 ||     9
       Potion            |       |     1 |       ||     1
  Eat: Chunk             |       |     1 |     2 ||     3
       Meat ration       |       |     1 |       ||     1
       Bread ration      |       |     1 |       ||     1
       Beef jerky        |       |       |     1 ||     1
Armor: Skin              |    23 |    49 |    27 ||    99
Dodge: Dodged            |    41 |    74 |    28 ||   143
Block: Shield            |    29 |    92 |    46 ||   167
